 Dungeon Crawl Stone Soup version 0.23.2-40-g277498a001 (webtiles) character file.

Game seed: 7840375353416626650

214 EtherCrawl the Ruffian (level 5, -3/50 HPs)
             Began as a Troll Warper on Aug 30, 2019.
             Slain by Grinder (6 damage)
             ... on level 3 of the Dungeon.
             The game lasted 00:03:20 (1642 turns).

EtherCrawl the Ruffian (Troll Warper)               Turns: 1642, Time: 00:03:21

Health: -3/50      AC:  7    Str: 19    XL:     5   Next: 59%
Magic:  7/7        EV: 10    Int: 10    God:
Gold:   57         SH:  0    Dex:  9    Spells: 6/8 levels left

rFire    . . .     SeeInvis .     - Unarmed
rCold    . . .     Gourm    +   (no shield)
rNeg     . . .     Faith    .   a - +0 robe
rPois    .         Spirit   .   (helmet restricted)
rElec    .         Reflect  .   g - +0 cloak
rCorr    .         Harm     .   (gloves unavailable)
MR       .....                  (boots unavailable)
Stlth    +.........             (no amulet)
HPRegen  0.56/turn              (no ring)
MPRegen  0.10/turn              (no ring)

@: no status effects
A: large, unfitting armour, claws 3, fast metabolism 3, gourmand, regeneration
1, shaggy fur 1, tough skin 3
a: no special abilities


You were on level 3 of the Dungeon.
You were very full.

You visited 1 branch of the dungeon, and saw 3 of its levels.

You collected 57 gold pieces.

Inventory:

Missiles
 d - 5 tomahawks of dispersal (quivered)
 e - 67 stones
 n - 9 tomahawks
 v - 16 arrows
Armour
 a - a +0 robe (worn)
 g - a +0 cloak (worn)
Jewellery
 w - a +4 ring of intelligence {unknown}
Scrolls
 b - 2 scrolls of enchant weapon {unknown}
 c - 2 scrolls of blinking
 j - a scroll of teleportation {unknown}
 k - a scroll of amnesia {unknown}
 l - a scroll of magic mapping {unknown}
 p - 3 scrolls of identify {unknown}
 q - a scroll of enchant armour {unknown}
 s - a scroll of remove curse {unknown}
 t - a scroll of immolation {unknown}
Potions
 h - 3 potions of lignification {unknown}
 i - a potion of curing {unknown}
 m - 2 potions of heal wounds {unknown}
 o - 2 potions of brilliance {unknown}
 r - a potion of haste {unknown}
Comestibles
 f - 4 rations
 u - 3 chunks of flesh


   Skills:
 + Level 2.7 Fighting
 - Level 0.8 Throwing
 + Level 2.9 Dodging
 + Level 3.4 Unarmed Combat
 + Level 2.1 Spellcasting
 * Level 2.2 Translocations


You had 6 spell levels left.
You knew the following spells:

 Your Spells              Type           Power        Failure   Level  Hunger
a - Blink                 Tloc           N/A          19%         2    ###....

Your spell library contained the following spells:

 Spells                   Type           Power        Failure   Level  Hunger
 Shroud of Golubria       Chrm/Tloc      #.........   28%         2    ###....
 Gell's Gravitas          Tloc           #.........   36%         3    ####...
 Lesser Beckoning         Tloc           #.........   36%         3    ####...
 Teleport Other           Tloc           #.......     36%         3    ####...
 Passage of Golubria      Tloc           N/A          77%         4    #####..


Dungeon Overview and Level Annotations

Branches:
Dungeon (3/15)

Altars:
Okawaru
Trog

Annotations:
D:3 2 transporters, Grinder


Innate Abilities, Weirdness & Mutations

You are too large for most types of armour.
You have claws for hands.
Your metabolism is lightning-fast.
You like to eat raw meat.
Your natural rate of healing is unusually fast.
You are covered in fur. (AC +1)
You have extremely tough skin. (AC +3)


Message History

You scratch Grinder but do no damage.
Grinder is lightly wounded.
Grinder hits you!
You writhe in agony.
You claw Grinder! Your claw misses Grinder.
Grinder is moderately wounded.
Grinder hits you.
You writhe in agony.
You closely miss Grinder.
Grinder is moderately wounded.
Grinder gestures at you. Pain shoots through your body!
You closely miss Grinder.
Grinder is moderately wounded.
Grinder hits you.
You writhe in agony.
* * * LOW HITPOINT WARNING * * *
You closely miss Grinder.
Grinder is moderately wounded.
Grinder hits you!
* * * LOW HITPOINT WARNING * * *
You writhe in agony.
You die...

## .# .# ^# #. .# #...
.#...# ####...# #.5).#
###@#### ##### ###...# #. ..
........ #...###... ....
......... #.###( ..###.....
...(.....###.###.##......©$.
.....................#######
.............$.......#8P.©.P
.......###÷####.#....#P../..
..............#.#....####+##


You could see Grinder.

Vanquished Creatures
  A necrophage (D:2)
  5 adders (D:2)
  An ooze (D:1)
  2 worms
  3 dart slugs
  5 leopard geckos
  An orc (D:3)
  3 giant cockroaches
  10 goblins
  6 hobgoblins
  5 kobolds
  4 bats
  5 frilled lizards
  4 rats
55 creatures vanquished.

Notes
Turn   | Place    | Note
-------+----------+-------------------------------------------
     0 | D:1      | EtherCrawl the Troll Warper began the quest for the Orb.
     0 | D:1      | Reached XP level 1. HP: 19/19 MP: 1/1
   138 | D:1      | Reached XP level 2. HP: 28/28 MP: 3/3
   426 | D:1      | Reached XP level 3. HP: 33/35 MP: 4/4
   808 | D:2      | Found an iron altar of Okawaru.
   919 | D:2      | Reached XP level 4. HP: 34/42 MP: 5/5
   945 | D:2      | Found a bloodstained altar of Trog.
  1042 | D:2      | Noticed a necrophage
  1051 | D:2      | Killed a necrophage
  1051 | D:2      | Reached skill level 3 in Unarmed Combat
  1051 | D:2      | Reached XP level 5. HP: 47/50 MP: 5/7
  1075 | D:2      | Learned a level 2 spell: Blink
  1519 | D:3      | Found a transporter.
  1521 | D:3      | Found a transporter.
  1601 | D:3      | Noticed Grinder
  1622 | D:3      | Paralysed by Grinder for 4 turns
  1642 | D:3      | Slain by Grinder

Skill      XL: |  1  2  3  4 |
---------------+-------------+-----
Dodging        | 2 |  2.9
Fighting       | 2 |  2.7
Unarmed Combat | 3 |  3.4
Spellcasting   | 2 |  2.1
Throwing       | |  0.8
Translocations | |  2.2

Action                   |  1- 3 |  4- 6 || total
-------------------------+-------+-------++-------
Melee: Unarmed           |    94 |    83 ||   177
       Punch             |     2 |       ||     2
  Eat: Chunk             |    13 |     7 ||    20
Armor: Robe              |    35 |    28 ||    63
Dodge: Dodged            |    37 |    48 ||    85
